 Dungeon Crawl Stone Soup version 0.28.0-53-g5a82cb258f (webtiles) character file.

Game seed: 5887809751243086947

22179 safid the Severer (level 12, -3/115 HPs)
             Began as a Hill Orc Fighter on Aug 16, 2022.
             Was a High Priest of Okawaru.
             Slain by a reaper
             ... wielding a +2 scythe of flaming
              (6 damage)
             ... on level 3 of the Abyss.
             The game lasted 00:21:41 (16231 turns).

safid the Severer (Hill Orc Fighter)               Turns: 16231, Time: 00:21:43

Health: -3/115     AC: 19    Str: 30    XL:     12   Next: 97%
Magic:  16/16      EV: 10    Int:  8    God:    Okawaru [*****.]
Gold:   607        SH:  5    Dex: 12    Spells: 11/11 levels left

rFire   . . .      SeeInvis +   k - +11 hand axe of Joyful Slaughter {venom, Dex+2}
rCold   . . .      Faith    .   c - +0 buckler
rNeg    . . .      Spirit   .   J - +0 plate armour
rPois   +          Reflect  .   u - +0 helmet
rElec   +          Harm     .   (no cloak)
rCorr   .          Rampage  .   e - +0 pair of gloves
Will    .....                   F - +0 pair of boots
Stlth   ..........              a - amulet of the acrobat
HPRegen 0.29/turn               b - ring "Isesha" {rElec Str+6 SInv}
MPRegen 0.15/turn               w - ring of poison resistance

@: about to teleport
A: no striking features
a: Renounce Religion, Heroism, Finesse, Duel


You were on level 3 of the Abyss.
You worshipped Okawaru.
Okawaru was extremely pleased with you.
You visited 3 branches of the dungeon, and saw 15 of its levels.
You visited the Abyss 1 time.
You also visited: Volcano.

You collected 736 gold pieces.
You spent 129 gold pieces at shops.

Inventory:

Hand Weapons
 k - the +11 hand axe of Joyful Slaughter (weapon) {venom, Dex+2}
   (You found it on level 2 of the Dungeon)

   It poisons the flesh of those it strikes.
   Dex:       It affects your dexterity (+2).
 o - the +8 hand axe "Hell-Harrower" {vorpal, rPois rF+ SInv}
   (You found it on level 2 of the Dungeon)

   It inflicts extra damage upon your enemies.
   rF:        It protects you from fire.
   rPois:     It protects you from poison.
   SInv:      It lets you see invisible.
 C - a +3 war axe
Missiles
 l - 18 poisoned darts (quivered)
 B - 3 throwing nets
 H - 2 curare-tipped darts
Armour
 c - a +0 buckler (worn)
 e - a +0 pair of gloves (worn)
 r - a +0 robe of fire resistance
 u - a +0 helmet (worn)
 F - a +0 pair of boots (worn)
 J - a +0 plate armour (worn)
Jewellery
 a - an amulet of the acrobat (around neck)
 b - the ring "Isesha" (left hand) {rElec Str+6 SInv}
   (You found it on level 4 of the Dungeon)

   [ring of strength]

   Str:       It affects your strength (+6).
   rElec:     It insulates you from electricity.
   SInv:      It lets you see invisible.
 w - a ring of poison resistance (right hand)
 x - a ring of willpower
 G - a ring of see invisible
Wands
 t - a wand of iceblast (6)
 E - a wand of paralysis (13)
 L - a wand of digging (1)
 N - a wand of acid (3)
Scrolls
 i - a scroll of brand weapon
 q - 2 scrolls of fog
 z - 5 scrolls of torment
 D - a scroll of amnesia
 K - 3 scrolls of immolation
 M - a scroll of summoning
Potions
 d - a potion of might
 f - 2 potions of lignification
 h - a potion of ambrosia {unknown}
 j - 3 potions of brilliance
 n - 2 potions of resistance {unknown}
 p - 3 potions of berserk rage
 s - 2 potions of degeneration {unknown}
 A - a potion of mutation {unknown}
 I - 2 potions of attraction {unknown}


   Skills:
 + Level 13.0 Fighting
 - Level 16.0 Axes
 + Level 3.9 Throwing
 + Level 10.2 Armour
 - Level 6.0 Dodging
 - Level 4.0 Shields
 + Level 5.7 Invocations
 + Level 4.3 Evocations


You had 11 spell levels left.
You didn't know any spells.
Your spell library contained the following spells:

 Spells                   Type           Power      Damage    Failure   Level
 Apportation              Tloc           0%         N/A       99%         1
 Magic Dart               Conj           0%         1d3       99%         1
 Sting                    Tmut/Pois      0%         1d3       99%         1
 Corpse Rot               Necr/Air       0%         N/A       99%         2
 Poisonous Vapours        Pois/Air       0%         N/A       99%         2
 Mephitic Cloud           Conj/Pois/Air  0%         N/A       100%        3
 Dispel Undead            Necr           0%         3d6       100%        4
 Olgreb's Toxic Radiance  Pois           0%         N/A       100%        4
 Passage of Golubria      Tloc           0%         N/A       100%        4
 Alistair's Intoxication  Tmut/Pois      0%         N/A       100%        5
 Silence                  Hex/Air        0%         N/A       100%        5
 Lehudib's Crystal Spear  Conj/Erth      0%         10d2      100%        8
 Call Imp                 Summ           Unusable   N/A       N/A         2
 Death Channel            Necr           Unusable   N/A       N/A         6

Dungeon Overview and Level Annotations

Branches:
Dungeon (11/15)            Temple (1/1) D:7            Lair (3/6) D:10
  Swamp (0/4) Lair:3       Spider (0/4) Lair:2      Volcano (visited)
    Orc: D:9-12

Altars:
Ashenzari
Cheibriados
Dithmenos
Elyvilon
Fedhas
Gozag
Hepliaklqana
Kikubaaqudgha
Makhleb
Nemelex Xobeh
Okawaru
Qazlal
Ru
Sif Muna
Trog
Uskayaw
Vehumet
Wu Jian
Xom
Yredelemnul
Zin
The Shining One

Shops:
D:3 ?   D:4 *

Annotations:
D:4 2 transporters, Dazliare's ghost, weakling DrVM
D:6 1 runed translucent door, Deeps's ghost, novice MiFi


Message History

You feel strangely unstable.
You feel the power of the Abyss delaying your translocation!
The small abomination hits you but does no damage.
You block the reaper's attack.
Unknown command.
You feel much better.
You block the small abomination's attack.
The rakshasa weaves an illusion.
The reaper shimmers and seems to become two!
Unknown command.
You feel much better.
The reaper hits you from afar with a +2 scythe of flaming.
The reaper burns you.
The small abomination hits you but does no damage.
Tentacles burst from the starspawn's body!
The reaper hits you from afar with a +2 scythe of flaming!
* * * LOW HITPOINT WARNING * * *
The reaper burns you.
* * * LOW HITPOINT WARNING * * *
2 starspawn tentacles come into view.
You feel much better.
The small abomination hits you but does no damage.
The reaper hits you from afar with a +2 scythe of flaming!!
* * * LOW HITPOINT WARNING * * *
The reaper burns you.
* * * LOW HITPOINT WARNING * * *
The reaper hits you from afar with a +2 scythe of flaming!!
* * * LOW HITPOINT WARNING * * *
The reaper burns you.
* * * LOW HITPOINT WARNING * * *
The starspawn tentacle grabs you. The starspawn tentacle constricts you.
* * * LOW HITPOINT WARNING * * *
You feel better.
The small abomination hits you but does no damage.
The starspawn tentacle loses its grip on you.
The tentacle pulls you backwards!
The reaper hits you from afar with a +2 scythe of flaming!
* * * LOW HITPOINT WARNING * * *
The reaper burns you.
You die...

# #.# #..##
##.§# .... ..
##...####2. #
##.. ..#.###
## §X§│§# .##
#.#.#.│# . #
###2#X.### .
#.x2#.....##.
##@##>##.##
## ##..## . #
.## ... ##..
...# #.# #.#
.# . .


You could see a tentacled starspawn, 2 reapers and a small abomination.

Vanquished Creatures
  A tentacled starspawn (Abyss:3)
  Harold (D:10)
  A hydra (D:11)
  A centaur warrior (D:8)
  3 two-headed ogres
  4 wizards (Volcano)
  3 toenail golems (Volcano)
  2 cyclopes
  A black mamba (Lair:1)
  An unseen horror (D:11)
  6 cane toads
  6 komodo dragons
  A troll (D:11)
  A polar bear (Lair:2)
  A hornet (D:10)
  A meliai zombie (D:10)
  7 blink frogs (Lair:2)
  A culicivora (Lair:2)
  A shadow (D:9)
  3 wraiths
  16 yaks
  A human (D:7)
  A basilisk (Lair:1)
  4 hogs (D:7)
  12 water moccasins
  4 orc warriors
  2 sky beasts
  2 black bears
  3 necrophages
  6 centaurs
  2 phantoms (D:5)
  3 kobold brigands
  3 scorpions
  A wyvern zombie (D:8)
  8 bullfrogs
  2 gnoll sergeants (D:8)
  4 killer bees (D:9)
  4 howler monkeys (D:8)
  A bullfrog zombie (D:4)
  2 centaur zombies
  4 hounds
  3 bullfrog skeletons
  4 orc priests
  A centaur skeleton (D:6)
  A gnoll shaman (D:8)
  2 iguanas
  A scorpion zombie (D:4)
  6 orc wizards
  2 killer bee zombies
  A hound skeleton (D:4)
  12 gnolls
  5 adders
  2 white imps
  2 ufetubi
  4 adder zombies (D:4)
  An adder skeleton (D:4)
  4 worms
  4 dart slugs
  21 orcs
  5 ball pythons
  4 endoplasms
  6 giant cockroaches
  6 goblins
  8 hobgoblins
  4 jackals (D:2)
  16 kobolds
  6 quokkas
  8 bats
  A frilled lizard (D:2)
  A quokka zombie (D:4)
  7 rats
  A starspawn tentacle (Abyss:3)
280 creatures vanquished.

Vanquished Creatures (others)
  9 fungi
  A lurking horror (Abyss:3)
  16 plants
  23 starspawn tentacles (Abyss:3)
49 creatures vanquished.

Grand Total: 329 creatures vanquished

Notes
Turn   | Place    | Note
-------+----------+-------------------------------------------
     0 | D:1      | safid the Hill Orc Fighter began the quest for the Orb.
     0 | D:1      | Reached XP level 1. HP: 19/19 MP: 1/1
    14 | D:1      | Reached skill level 3 in Axes
    14 | D:1      | Reached XP level 2. HP: 21/27 MP: 2/2
   236 | D:1      | Reached XP level 3. HP: 33/33 MP: 3/3
   981 | D:2      | Identified the +11 hand axe of Joyful Slaughter {venom,
                  | Dex+2}
  1089 | D:2      | Found a faded altar of an unknown god.
  1094 | D:2      | Reached XP level 4. HP: 40/40 MP: 4/4
  1159 | D:2      | Identified the +8 hand axe "Hell-Harrower" {vorpal, rPois
                  | rF+ SInv}
  1163 | D:2      | Reached skill level 4 in Axes
  1312 | D:2      | Noticed a scorpion
  1317 | D:2      | Killed a scorpion
  1318 | D:2      | Reached skill level 5 in Axes
  1318 | D:2      | Reached XP level 5. HP: 46/46 MP: 5/5
  2019 | D:3      | Found Ecvow's Magic Scroll Emporium.
  2027 | D:3      | Bought a scroll of identify for 22 gold pieces
  2027 | D:3      | Bought a scroll of identify for 22 gold pieces
  2027 | D:3      | Bought a scroll of identify for 22 gold pieces
  2027 | D:3      | Bought a scroll of identify for 22 gold pieces
  2027 | D:3      | Bought a scroll of noise for 11 gold pieces
  2255 | D:4      | Reached skill level 6 in Axes
  2441 | D:4      | Reached XP level 6. HP: 52/52 MP: 6/6
  2445 | D:4      | Reached skill level 7 in Axes
  2585 | D:4      | Noticed a black bear
  2588 | D:4      | Killed a black bear
  2589 | D:4      | Reached skill level 8 in Axes
  2639 | D:4      | Found a transporter.
  2639 | D:4      | Noticed Dazliare's ghost (weakling DrVM)
  2648 | D:4      | Found a transporter.
  2649 | D:4      | Identified the ring "Isesha" {rElec Str+6 SInv}
  2694 | D:4      | Found Ygeatikh's CLEARANCE SALE!.
  2702 | D:4      | Bought 2 scrolls of teleportation for 30 gold pieces
  3148 | D:5      | Entered Level 5 of the Dungeon
  3167 | D:5      | Reached XP level 7. HP: 59/59 MP: 7/7
  3224 | D:5      | Reached skill level 9 in Axes
  3370 | D:5      | Reached skill level 10 in Axes
  3530 | D:5      | Reached skill level 11 in Axes
  3530 | D:5      | Reached XP level 8. HP: 60/66 MP: 8/8
  4100 | D:6      | Reached skill level 12 in Axes
  4547 | D:6      | Found a runed translucent door.
  4547 | D:6      | Noticed Deeps's ghost (novice MiFi)
  4616 | D:7      | Reached skill level 13 in Axes
  4662 | D:7      | Reached XP level 9. HP: 58/71 MP: 9/9
  4697 | D:7      | Reached skill level 14 in Axes
  5281 | D:7      | Reached skill level 15 in Axes
  5324 | D:7      | Reached skill level 16 in Axes
  5325 | D:7      | Reached skill level 5 in Fighting
  5543 | D:7      | Found a staircase to the Ecumenical Temple.
  5552 | Temple   | Entered the Ecumenical Temple
  5932 | Temple   | Became a worshipper of Warmaster Okawaru
  6048 | D:8      | Noticed a centaur warrior
  6064 | D:8      | Killed a centaur warrior
  6065 | D:8      | Reached XP level 10. HP: 45/90 MP: 10/10
  6256 | D:8      | Reached * piety under Okawaru
  6366 | D:8      | Noticed a cyclops
  6385 | D:8      | Killed a cyclops
  6386 | D:8      | Reached skill level 1 in Dodging
  6771 | D:8      | Noticed a two-headed ogre
  6783 | D:8      | Killed a two-headed ogre
  6784 | D:8      | Reached skill level 5 in Armour
  7020 | D:8      | Reached ** piety under Okawaru
  8318 | D:9      | Reached skill level 10 in Fighting
  8846 | D:10     | Entered Level 10 of the Dungeon
  8865 | D:10     | Noticed a cyclops
  8876 | D:10     | Killed a cyclops
  8877 | D:10     | Reached XP level 11. HP: 53/101 MP: 11/11
  9084 | D:10     | Identified the +1 chain mail "Seet Idy" {Stlth+}
  9105 | D:10     | Reached *** piety under Okawaru
  9198 | D:10     | Noticed Harold
  9214 | D:10     | Killed Harold
  9259 | D:10     | Found a glowing golden altar of the Shining One.
  9296 | D:10     | Found a staircase to the Lair.
  9677 | D:10     | Noticed a two-headed ogre
  9684 | D:10     | Killed a two-headed ogre
 10053 | Lair:1   | Entered Level 1 of the Lair of Beasts
 10069 | Lair:1   | Reached **** piety under Okawaru
 10291 | Lair:1   | Reached skill level 5 in Dodging
 10532 | Lair:1   | Noticed a five-headed hydra
 11291 | D:11     | Reached ***** piety under Okawaru
 11715 | D:11     | Noticed a two-headed ogre
 11724 | D:11     | Killed a two-headed ogre
 11724 | D:11     | Received a gift from Okawaru
 11725 | D:11     | Reached skill level 1 in Invocations
 11725 | D:11     | Reached XP level 12. HP: 68/112 MP: 12/12
 11890 | D:11     | Noticed a five-headed hydra
 11907 | D:11     | Killed a 14-headed hydra
 11908 | D:11     | Reached skill level 1 in Throwing
 11908 | D:11     | Reached skill level 1 in Evocations
 12357 | D:11     | Noticed a four-headed hydra
 13450 | Lair:1   | You fall into a shaft and drop 1 floor!
 14840 | Lair:2   | Received a gift from Okawaru
 14954 | Lair:2   | Found a hole to the Spider Nest.
 15171 | Lair:3   | Found a dark tunnel.
 15180 | Volcano  | Entered a volcano
 15190 | Volcano  | Reached skill level 5 in Invocations
 15195 | Volcano  | Reached skill level 10 in Armour
 15319 | Volcano  | Received a gift from Okawaru
 15358 | Volcano  | Cast into level 3 of the Abyss (a wizard)
 15361 | Abyss:3  | Noticed a white draconian stormcaller
 15427 | Abyss:3  | Noticed a tentacled starspawn
 15452 | Abyss:3  | Noticed a wretched star
 15490 | Abyss:3  | Noticed a tentacled starspawn
 15523 | Abyss:3  | Killed a tentacled starspawn
 15541 | Abyss:3  | Noticed a brown very ugly thing
 15541 | Abyss:3  | Noticed a brown very ugly thing
 15578 | Abyss:3  | Noticed a wretched star
 15579 | Abyss:3  | Noticed a tentacled starspawn
 15586 | Abyss:3  | Paralysed by an air elemental for 1 turns
 15592 | Abyss:3  | Paralysed by an air elemental for 1 turns
 15597 | Abyss:3  | Paralysed by an air elemental for 1 turns
 15647 | Abyss:3  | Noticed a rakshasa
 15674 | Abyss:3  | Noticed an ancient lich
 15675 | Abyss:3  | Noticed a sun demon
 15752 | Abyss:3  | Found a shimmering altar of Xom.
 15755 | Abyss:3  | Found a shimmering altar of Xom.
 15756 | Abyss:3  | Found a shimmering altar of Xom.
 15757 | Abyss:3  | Found a shimmering altar of Xom.
 15759 | Abyss:3  | Found a shimmering altar of Xom.
 15760 | Abyss:3  | Found a shimmering altar of Xom.
 15760 | Abyss:3  | Found a shimmering altar of Xom.
 15760 | Abyss:3  | Found a corrupted altar of Lugonu.
 15760 | Abyss:3  | Found a shimmering altar of Xom.
 15761 | Abyss:3  | Found a shimmering altar of Xom.
 15761 | Abyss:3  | Found a shimmering altar of Xom.
 15762 | Abyss:3  | Found a shimmering altar of Xom.
 15762 | Abyss:3  | Found a shimmering altar of Xom.
 15762 | Abyss:3  | Found a shimmering altar of Xom.
 15762 | Abyss:3  | Found a shimmering altar of Xom.
 15763 | Abyss:3  | Found a shimmering altar of Xom.
 15763 | Abyss:3  | Found a shimmering altar of Xom.
 15763 | Abyss:3  | Found a shimmering altar of Xom.
 16126 | Abyss:3  | Noticed a large abomination
 16140 | Abyss:3  | Noticed a red draconian
 16143 | Abyss:3  | Found a corrupted altar of Lugonu.
 16149 | Abyss:3  | Found a corrupted altar of Lugonu.
 16176 | Abyss:3  | Noticed a tentacled starspawn
 16185 | Abyss:3  | Noticed a tentacled starspawn
 16190 | Abyss:3  | Noticed a reaper
 16221 | Abyss:3  | Noticed a rakshasa
 16231 | Abyss:3  | HP: 3/115 [reaper/+2 scythe of flaming (12)]
 16231 | Abyss:3  | Slain by a reaper

Illustrated notes

Levels and vault maps discovered:
D:1:      minmay_arrival_four_circles, layout_rooms,
          chequers_serial_rivers_micro_d, st_stairs_3, serial_bayou_lagoon_b
D:2:      layout_basic, chequers_ecumenical_altar_simple_redux
D:3:      layout_basic, serial_shops, shop_scrolls
D:4:      layout_gridville, serial_undead, serial_undead_c, serial_undead_d,
          serial_undead_b, serial_undead_c, gammafunk_ghost_arena,
          minmay_misc_feat_cross, nicolae_shop_clearance
D:5:      cheibrodos_helix_gallery, layout_rooms, nrook_campfire
D:6:      layout_loops_ring, gammafunk_ghost_grave
D:7:      layout_cave_pools, minmay_temple_entry_fiery, minivault_23,
          grunt_livestock
D:8:      kennysheep_blocky_room, layout_basic
D:9:      layout_basic
D:10:     layout_basic, mainiacjoe_overflow_surrounded_room, dpeg_oklobed_lair,
          uniq_harold
D:11:     layout_small_grid, minmay_door_square
Temple:   mainiacjoe_temple_trianglar_array
Lair:1:   layout_regular_city
Lair:2:   layout_cave_pods, hellmonk_spider_entry_life_and_decay,
          infiniplex_staircase_pool_2
Lair:3:   layout_layer_cave, swamp_mist, nicolae_volcano_entry_hallway,
          chequers_serial_rivers_small_b
Abyss:3:  base: Lair:3, hangedman_abyss_or_decor_slice,
          evilmike_abyss_rune_tso_outpost, hangedman_abyss_theft,
          nicolae_abyss_rune_star_stuff, minivault_20,
          evilmike_abyss_exit_vortex, nicolae_abyss_rune_left_handed,
          lemuel_firewalk_3, evilmike_abyss_exit_mutagenic,
          bh_abyss_xom_lugonu_altar, evilmike_abyss_exit_13,
          evilmike_abyss_rune_siren_acolytes, lemuel_flamethrower_2
Volcano:  volcano_bunker

Skill      XL: |  1  2  3  4  5  6  7  8  9 10 11 12 |
---------------+-------------------------------------+-----
Axes           | 3 5 6 8 11 13 16 | 16.0
Fighting       | 4 8 10 12 13 | 13.0
Armour         | 4 6 9 10 | 10.2
Shields        | 4 |  4.0
Dodging        | 3 5 6 |  6.0
Invocations    | 1 5 |  5.7
Throwing       | 3 |  3.9
Evocations     | 4 |  4.3

Action                   |  1- 3 |  4- 6 |  7- 9 | 10-12 || total
-------------------------+-------+-------+-------+-------++-------
Melee: War axe           |    87 |       |       |       ||    87
       Hand axe          |     8 |    94 |   170 |   492 ||   764
Throw: Dart              |       |       |       |     6 ||     6
Invok: Heroism           |       |       |       |     1 ||     1
  Use: Scroll            |       |       |     5 |    17 ||    22
       Potion            |       |       |       |    10 ||    10
Armor: Scale mail        |    29 |       |       |       ||    29
       Chain mail        |    36 |    64 |    51 |    18 ||   169
       Plate armour      |       |       |       |   239 ||   239
Dodge: Dodged            |    46 |    35 |    60 |   298 ||   439
Block: Buckler           |    27 |    22 |    30 |   135 ||   214
